 Dungeon Crawl Stone Soup version 0.28-a0-199-g298df9dbad (webtiles) character file.

Game seed: 10261030041376211392

8467 lunkers the Thaumaturge (level 11, 0/89 HPs)
             Began as a Djinni Earth Elementalist on Aug 19, 2021.
             Was an Elder of Ashenzari.
             Slain by a two-headed ogre (13 damage)
             ... on level 10 of the Dungeon.
             The game lasted 00:23:21 (14587 turns).

lunkers the Thaumaturge (DjEE)                     Turns: 14587, Time: 00:23:21

Health: 0/89       AC:  8    Str:  7    XL:     11   Next: 56%
Gold:   1298       EV: 13    Int: 21    God:    Ashenzari [****..] SH: 10 Dex: 17

rFire   + + .      SeeInvis +   I - +8 hunting sling "Ylliurche" {flame, rPois Will+ Dex-2}
rCold   . . .      Faith    .   O - +0 kite shield of the Fated Seeker {Self, Fort} (curse)
rNeg    . . .      Spirit   .   f - +3 leather armour "Enigmatic Stickiness" {Fort, Cun} (curse)
rPois   ∞          Reflect  .   u - +0 helmet of the Gnostic Sun {Melee, Cun} (curse)
rElec   .          Harm     .   g - scarf "Gaze Upon Infinity" {repulsion, Cun, Evo} (curse)
rCorr   .          Rampage  .   z - +0 pair of gloves "Overhang to Understand" {Cun, Melee} (curse)
Will    ++...      Clarity  +   (boots unavailable)
Stlth   +++.......              (no amulet)
HPRegen 0.24/turn               w - ring of the Wild Blue Yonder {Dex+6, Range, Cun} (curse)
MPRegen 0.00/turn               N - ring of protection from cold

@: flying, repel missiles
A: sickness immunity, fire resistance 2, cold vulnerability 1, float, innate
caster, hp casting, extra vitality 1
a: Renounce Religion, Shatter the Chains


You were on level 10 of the Dungeon.
You worshipped Ashenzari.
Ashenzari was greatly pleased with you.
You visited 2 branches of the dungeon, and saw 11 of its levels.
You also visited: Sewer and Bailey.

You collected 1298 gold pieces.

Inventory:

Hand Weapons
 a - a +4 short sword
 d - a +0 short sword of draining
 o - a +1 dagger of protection
 G - a +2 flail of protection
 I - the +8 hunting sling "Ylliurche" (weapon) {flame, rPois Will+ Dex-2}
   (You found it on level 7 of the Dungeon)

   Any ammunition fired from it burns those it strikes, dealing additional fire
   damage.
   Dex:       It affects your dexterity (-2).
   rPois:     It protects you from poison.
   Will:      It increases your willpower.
Missiles
 c - 214 stones
 J - 29 sling bullets (quivered ammo)
Armour
 f - the cursed +3 leather armour "Enigmatic Stickiness" (worn) {Fort, Cun}
   (You found it on level 2 of the Dungeon)

   It has a curse which improves the following skills: Fortitude: Armour and
   Shields.
   Cunning:   Dodging and Stealth.
 g - the cursed scarf "Gaze Upon Infinity" (worn) {repulsion, Cun, Evo}
   (You found it on level 2 of the Dungeon)

   It has a curse which improves the following skills: Cunning: Dodging and
   Stealth.
   Evocations: Evocations.
 q - a +0 buckler
 s - a scarf of repulsion
 u - the cursed +0 helmet of the Gnostic Sun (worn) {Melee, Cun}
   (You took it off Robin on level 4 of the Dungeon)

   It has a curse which improves the following skills: Melee Combat: Short
   Blades, Long Blades, Axes, Maces & Flails, Polearms, Staves and Unarmed
   Combat.
   Cunning:   Dodging and Stealth.
 z - the cursed +0 pair of gloves "Overhang to Understand" (worn) {Cun, Melee}
   (You found it on level 5 of the Dungeon)

   It has a curse which improves the following skills: Cunning: Dodging and
   Stealth.
   Melee Combat: Short Blades, Long Blades, Axes, Maces & Flails, Polearms,
   Staves and Unarmed Combat.
 H - +0 steam dragon scales
 O - the cursed +0 kite shield of the Fated Seeker (worn) {Self, Fort}
   (You found it on level 6 of the Dungeon)

   It has a curse which improves the following skills: Introspection: Fighting
   and Spellcasting.
   Fortitude: Armour and Shields.
Magical Staves
 k - a staff of air
Jewellery
 w - the cursed ring of the Wild Blue Yonder (left hand) {Dex+6, Range, Cun}
   (You found it on level 4 of the Dungeon)

   [ring of dexterity]

   Dex:       It affects your dexterity (+6).
   It has a curse which improves the following skills: Ranged Combat: Slings,
   Bows, Crossbows and Throwing.
   Cunning:   Dodging and Stealth.
 M - an amulet of the acrobat
 N - a ring of protection from cold (right hand)
 R - a ring of wizardry
Wands
 l - a wand of paralysis (10)
 n - a wand of iceblast (9)
 y - a wand of flame (27)
 A - a wand of digging (13)
 D - a wand of acid (8)
 K - a wand of charming (8)
Scrolls
 i - 2 scrolls of fear
 j - 4 scrolls of magic mapping
 m - a scroll of blinking
 r - 2 scrolls of enchant weapon
 B - 2 scrolls of teleportation
 E - 3 scrolls of enchant armour
 F - a scroll of holy word
 L - a scroll of brand weapon
 P - a scroll of fog
Potions
 b - 2 potions of berserk rage
 e - 4 potions of haste
 h - 4 potions of curing
 p - a potion of mutation
 v - 2 potions of resistance
 x - 3 potions of heal wounds
 C - a potion of ambrosia
 Q - 2 potions of brilliance


   Skills:
 + Level 9.7(11.9) Fighting
 - Level 2.1(6.8) Dodging
 - Level 1.5(5.6) Stealth
 - Level 2.9(5.8) Shields
 * Level 10.9(13.0) Spellcasting


You had 11 spell levels left.
You knew the following spells:

 Your Spells              Type           Power      Damage    Failure   Level
a - Stone Arrow           Conj/Erth      100%       3d13      1%          3
b - Passwall              Tmut/Erth      51%        N/A       1%          2
c - Sandblast             Erth           100%       2d20      1%          1
d - Petrify               Tmut/Erth      62%        N/A       1%          4
e - Foxfire               Conj/Fire      100%       2x1d9     1%          1
f - Static Discharge      Conj/Air       62%        N/A       1%          2
g - Dazzling Flash        Conj/Hex       100%       N/A       1%          3
h - Fulminant Prism       Conj/Hex       31%        3d16      1%          4
i - Manifold Assault      Tloc           62%        N/A       3%          5
Your spell library was empty.

Dungeon Overview and Level Annotations

Branches:
Dungeon (10/15)            Temple (1/1) D:4            Lair (0/6) D:8
    Orc (0/2) D:10          Sewer (visited)          Bailey (visited)

Altars:
Ashenzari
Cheibriados
Dithmenos
Elyvilon
Fedhas
Gozag
Hepliaklqana
Kikubaaqudgha
Makhleb
Nemelex Xobeh
Okawaru
Qazlal
Ru
Sif Muna
Trog
Uskayaw
Vehumet
Wu Jian
Xom
Yredelemnul
Zin
The Shining One

Shops:
D:8 :

Annotations:
D:4 3 runed translucent doors, quoriil's ghost, amateur DjTm
D:8 3 runed translucent doors, Vinniefish's ghost, novice TrMo


Innate Abilities, Weirdness & Mutations

You are immune to sickness and miasma.
You are immune to poison.
Your flesh is very heat resistant. (rF++)
You are vulnerable to cold. (rC-)
You float through the air rather than walking.
You learn spells naturally, not from books.
Your magical power is your life essence.
You have superior vitality. (+4 HP)


Message History

The killer bee stings you but does no damage.
The killer bee barely misses you. x2
Unknown command.
Unknown command.
Casting: Stone Arrow (safe; 1% risk of failure)
Confirm with . or Enter, or press ? or * to list all spells.
Aiming: Stone Arrow (safe; 1% risk of failure)
Press: ? - help, Shift-Dir - straight line, f/p - killer bee
Aim: a killer bee (55% to hit)
The stone arrow hits the killer bee!!
You kill the killer bee!
You block the killer bee's attack. The killer bee barely misses you.
Unknown command.
Unknown command.
Casting: Stone Arrow (safe; 1% risk of failure)
Confirm with . or Enter, or press ? or * to list all spells.
Aiming: Stone Arrow (safe; 1% risk of failure)
Press: ? - help, Shift-Dir - straight line, f - two-headed ogre
Aim: a two-headed ogre, wielding two +0 giant clubs (moderately wounded, 89% to hit)
The stone arrow hits the two-headed ogre!!
The two-headed ogre is severely wounded.
You block the killer bee's attack.
The killer bee stings you but does no damage.
The two-headed ogre hits you with a +0 giant club!
* * * LOW HITPOINT WARNING * * *
The two-headed ogre hits you with a +0 giant club!!
* * * LOW HITPOINT WARNING * * *
Unknown command.
Casting: Stone Arrow (safe; 1% risk of failure)
Confirm with . or Enter, or press ? or * to list all spells.
Aiming: Stone Arrow (safe; 1% risk of failure)
Press: ? - help, Shift-Dir - straight line, f/p - two-headed ogre
Aim: a two-headed ogre, wielding two +0 giant clubs (severely wounded, 89% to hit)
The stone arrow hits the two-headed ogre!
The two-headed ogre is almost dead.
* * * LOW HITPOINT WARNING * * *
The killer bee barely misses you. The killer bee stings you.
* * * LOW HITPOINT WARNING * * *
The two-headed ogre hits you with a +0 giant club!
You die...

#######* *.......* #######
.......* #.....##
.......#####.....##########
.......#####.....#.........
*.........y.................
*.......†.O@÷........####...
*
*>..?....####....[.#..###...
,,
.........###...............
,
,.......#.#*#.....#...##....
,
####.......#.....###..#....
, #### ...#########....... ,
* ..... ,* ##.#.... *
...###,** * #.#.... * * ,,
...# * >**####..#


You could see a two-headed ogre and a killer bee.

Vanquished Creatures
  A two-headed ogre (D:9)
  Pikel (D:7)
  Joseph (D:7)
  Maggie (D:7)
  A shadow (D:10)
  A wyvern (D:8)
  A wraith (D:5)
  19 yaks
  Menkaure (D:7)
  A water moccasin (D:5)
  2 sky beasts (D:5)
  Purgy (Sewer)
  4 orc warriors (Bailey)
  2 black bears (D:7)
  An ice beast (D:5)
  An ogre (D:5)
  2 centaurs (D:9)
  A lemure (D:7)
  A phantom (D:7)
  2 bullfrogs (D:9)
  4 scorpions
  A water moccasin zombie (D:5)
  9 killer bees
  5 wights (D:9)
  A centaur zombie (D:9)
  2 bullfrog zombies (D:5)
  3 hounds
  2 jellies
  4 centaur skeletons (D:7)
  3 orc priests
  Natasha (thrice) (D:4)
  3 iguanas
  3 orc wizards
  A killer bee zombie (D:7)
  A hound skeleton (D:4)
  Robin (D:4)
  7 gnolls
  14 adders
  4 river rats (D:7)
  2 shadow imps
  A white imp (D:6)
  4 worms
  2 dart slugs
  27 orcs
  6 endoplasms
  4 giant cockroaches
  19 goblins
  17 hobgoblins
  15 jackals
  29 kobolds
  6 quokkas
  5 ball pythons
  4 bats
  4 frilled lizards
  4 rats
265 creatures vanquished.

Vanquished Creatures (others)
  A human (D:8)
  43 plants
44 creatures vanquished.

Grand Total: 309 creatures vanquished

Notes
Turn   | Place    | Note
-------+----------+-------------------------------------------
     0 | D:1      | lunkers the Djinni Earth Elementalist began the quest for
                  | the Orb.
     0 | D:1      | Reached XP level 1. HP: 15/15 MP: 0/0
   131 | D:1      | Reached XP level 2. HP: 15/22 MP: 0/0
   520 | D:1      | Reached skill level 1 in Fighting
   646 | D:1      | Reached XP level 3. HP: 26/27 MP: 0/0
   646 | D:1      | Learned a level 1 spell: Foxfire
   709 | D:1      | Reached skill level 3 in Spellcasting
  1423 | D:2      | Reached XP level 4. HP: 30/32 MP: 0/0
  1450 | D:2      | Found a faded altar of an unknown god.
  1731 | D:2      | Found an ornate altar of the Wu Jian Council.
  2314 | D:3      | Reached XP level 5. HP: 17/38 MP: 0/0
  2314 | D:3      | Learned a level 2 spell: Static Discharge
  3493 | D:4      | Reached skill level 4 in Spellcasting
  3811 | D:4      | Noticed Robin
  3812 | D:4      | Reached XP level 6. HP: 32/45 MP: 0/0
  4405 | D:4      | Killed Robin
  4657 | D:4      | Noticed Natasha
  4664 | D:4      | Killed Natasha
  4666 | D:4      | Found a staircase to the Ecumenical Temple.
  4898 | Temple   | Entered the Ecumenical Temple
  5212 | Temple   | Became a worshipper of Ashenzari the Shackled
  5384 | D:4      | Found a runed translucent gate.
  5385 | D:4      | Found a runed translucent gate.
  5386 | D:4      | Found a runed translucent gate.
  5386 | D:4      | Noticed quoriil's ghost (amateur DjTm)
  5656 | D:4      | Reached XP level 7. HP: 44/50 MP: 0/0
  5656 | D:4      | Learned a level 3 spell: Dazzling Flash
  5853 | D:4      | Reached skill level 5 in Spellcasting
  5855 | D:4      | Noticed Natasha
  5859 | D:4      | Killed Natasha
  6196 | D:4      | Noticed Natasha
  6200 | D:4      | Killed Natasha
  6440 | D:5      | Entered Level 5 of the Dungeon
  6677 | D:5      | Noticed a wraith
  6686 | D:5      | Killed a wraith
  6687 | D:5      | Reached XP level 8. HP: 30/58 MP: 0/0
  6935 | D:5      | Found a hide-covered altar of Uskayaw.
  6964 | D:5      | Reached skill level 1 in Shields
  6964 | D:5      | Reached skill level 6 in Spellcasting
  7102 | D:5      | Reached * piety under Ashenzari
  7187 | D:5      | Reached skill level 5 in Fighting
  8432 | D:6      | Reached XP level 9. HP: 59/65 MP: 0/0
  8432 | D:6      | Learned a level 4 spell: Fulminant Prism
  8484 | D:6      | Found a glowing drain.
  8488 | Sewer    | Entered a sewer
  8643 | Sewer    | Noticed Purgy
  8645 | Sewer    | Killed Purgy
  8797 | D:6      | Reached ** piety under Ashenzari
  9107 | D:7      | Noticed Joseph
  9111 | D:7      | Killed Joseph
  9112 | D:7      | Reached skill level 7 in Spellcasting
  9183 | D:7      | Found a flagged portal.
  9261 | Bailey   | Entered a bailey
 10227 | D:7      | Reached skill level 8 in Spellcasting
 10279 | D:7      | Identified the +8 hunting sling "Ylliurche" {flame, rPois
                  | Will+ Dex-2}
 10313 | D:7      | Noticed Maggie
 10318 | D:7      | Killed Maggie
 10319 | D:7      | Reached XP level 10. HP: 54/75 MP: 0/0
 10568 | D:7      | Reached *** piety under Ashenzari
 10675 | D:7      | Found a burning altar of Makhleb.
 10839 | D:7      | Noticed Pikel
 10844 | D:7      | Killed Pikel
 10845 | D:7      | Reached skill level 9 in Spellcasting
 10946 | D:7      | Found a snail-covered altar of Cheibriados.
 11007 | D:7      | Identified the +1 leather armour of Calculation {Harm
                  | rCorr}
 11023 | D:7      | Noticed Menkaure
 11026 | D:7      | Killed Menkaure
 11715 | D:8      | Found a runed translucent gate.
 11715 | D:8      | Found a runed translucent gate.
 11715 | D:8      | Found a runed translucent gate.
 11715 | D:8      | Noticed Vinniefish's ghost (novice TrMo)
 11715 | D:8      | Noticed an 11-headed hydra
 12146 | D:8      | Found Myufes's Book Emporium.
 12222 | D:8      | Found a staircase to the Lair.
 12487 | D:9      | Noticed a two-headed ogre
 12491 | D:9      | Killed a two-headed ogre
 12550 | D:9      | Reached skill level 10 in Spellcasting
 12550 | D:9      | Reached XP level 11. HP: 47/86 MP: 0/0
 12550 | D:9      | Learned a level 5 spell: Manifold Assault
 13306 | D:9      | Reached **** piety under Ashenzari
 13534 | D:10     | Entered Level 10 of the Dungeon
 14572 | D:10     | Noticed a two-headed ogre
 14587 | D:10     | Slain by a two-headed ogre

Illustrated notes

Levels and vault maps discovered:
D:1:      psy_arrival_fountain, layout_loops_ring
D:2:      layout_basic, basic_altar,
          dreamdust_ecumenical_altar_angels_and_demons
D:3:      layout_basic, serial_corexii_hall, chequers_hall_statues_y,
          chequers_hall_statues_y, serial_shops, shop_statue
D:4:      corexii_shack_village, layout_gridville, minmay_temple_entry_tees,
          gammafunk_ghost_split, wad_orctagon, uniq_robin, uniq_natasha
D:5:      minmay_recursive_quarters, layout_loops_ring,
          mainiacjoe_overflow_catch_the_wave, minmay_misc_feat_rugged,
          amcnicky_mini_corridor_feature
D:6:      layout_basic, gup_sewer_entry_spiral
D:7:      wad_woods_stonehenge, layout_basic, mainiacjoe_overflow_boulevard,
          enter_bailey_6, uniq_joseph, uniq_menkaure, uniq_pikel, uniq_maggie
D:8:      layout_loops_ring, tgw_kikubaaqudgha, lair_entry_dummy, serial_shops,
          nicolae_shop_stone, gammafunk_ghost_hydra_chop
D:9:      layout_big_octagon
D:10:     layout_rooms, david_orc_1_choice, serial_shops,
          nicolae_shop_behind_doors
Temple:   dpeg_five_rooms_temple

Skill      XL: |  1  2  3  4  5  6  7  8  9 10 11 |
---------------+----------------------------------+-----
Fighting       | 1 2 3 4 5 7 8 9 |  9.7
Spellcasting   | 3 4 5 6 8 10 | 10.9
Shields        | 2 |  2.9
Dodging        | |  2.1
Stealth        | |  1.5

Action                   |  1- 3 |  4- 6 |  7- 9 | 10-12 || total
-------------------------+-------+-------+-------+-------++-------
Melee: Short sword       |       |       |     2 |       ||     2
       Hunting sling     |       |       |       |    20 ||    20
 Fire: Hunting sling     |       |       |       |    15 ||    15
 Cast: Sandblast         |    48 |    37 |       |     2 ||    87
       Stone Arrow       |       |    78 |   153 |   136 ||   367
Invok: Curse Item        |       |       |     3 |     3 ||     6
  Use: Scroll            |       |     6 |       |       ||     6
Armor: Robe              |     4 |       |       |       ||     4
       Leather armour    |       |    30 |    12 |    11 ||    53
Dodge: Dodged            |     4 |    33 |    31 |    32 ||   100
       Repelled          |       |       |       |     1 ||     1
Block: Buckler           |       |       |    19 |     2 ||    21
       Kite shield       |       |       |       |    38 ||    38

Table legend: (Time is in decaauts)
 A = Elapsed time spent in this place.
 B = Non-inter-level travel time spent in this place.
 C = Inter-level travel time spent in this place.
 D = Time resting spent in this place.
 E = Time spent auto-exploring this place.
 F = Levels seen in this place.
 G = Mean time per level.
                   A        B        C        D        E       F      G
               +--------+--------+--------+--------+--------+-----+--------+
         Total |  14612 |  14043 |    569 |   2698 |   9915 |  13 | 1124.0 |
       Dungeon |  12996 |  12554 |    442 |   2207 |   9063 |  10 | 1299.6 |
        Temple |    350 |    223 |    127 |      0 |    211 |   1 |  350.0 |
         Sewer |    307 |    307 |      0 |    114 |    169 |   1 |  307.0 |
        Bailey |    956 |    956 |      0 |    377 |    472 |   1 |  956.0 |
               +--------+--------+--------+--------+--------+-----+--------+

Top non-repeatable levels by time:
     D:3: 2248 daAuts
     D:4: 1908 daAuts
     D:7: 1427 daAuts
     D:5: 1370 daAuts
     D:9: 1332 daAuts
     D:8: 1202 daAuts
     D:6: 1126 daAuts
     D:1: 1054 daAuts
  Bailey: 956 daAuts
     D:2: 882 daAuts
    D:10: 444 daAuts
  Temple: 350 daAuts
   Sewer: 307 daAuts
